AoeStats
← KitKat

Arabia

508477903Analyzed
4v4 RM · 10d ago on Sep 22, 2026· 44m 19s· 8 players
Game mode
Random Map
Map size
Large (8 player)
Population
200
Speed
Normal
Resources
Standard
Victory
Conquest
Starting age
Dark Age
Ending age
Imperial Age
RankedLock teamsTeams togetherTeam positionsShared explorationLock speedFull tech treeHidden civsTurbo modeCheats
Victory
Defeat
🇩🇪 Maya · Germany
1332
+16
🇨🇴 Varangians · Colombia
1326
+16
🇮🇳 Franks · India
1315
+16
1310
+17
🇫🇷 Huns · France
1451
-22
🇫🇷 Franks · France
1349
-17
🇫🇷 Britons · France
1297
-15
🇫🇷 Saracens · France
1207
-11
Chaos Merchant
9:38 Feudal Age
9:36 Loom
10:24 Double-Bit Axe
19:28 Scale Barding Armor
24:43 Castle Age
23:08 Forging
23:12 Gold Mining
25:59 Wheelbarrow
25:09 Light Cavalry
28:04 Husbandry
30:00 Chain Barding Armor
35:29 Iron Casting
36:36 Bow Saw
39:24 Imperial Age
39:42 Cavalier
41:28 Plate Barding Armor
44:02 Blast Furnace
45:06 Hand Cart
轟炸雞肉乾媽媽
6:27 Loom
8:56 Feudal Age
9:54 Double-Bit Axe
12:31 Fletching
19:22 Padded Archer Armor
24:16 Castle Age
22:24 Gold Mining
24:15 Horse Collar
24:20 Crossbowman
24:59 Bodkin Arrow
25:35 Bow Saw
26:56 Ballistics
27:15 Leather Archer Armor
38:58 Imperial Age
42:08 Arbalester
KitKat
0:26 Loom
9:34 Feudal Age
10:40 Double-Bit Axe
13:59 Horse Collar
14:17 Fletching
16:29 Padded Archer Armor
19:10 Wheelbarrow
24:14 Castle Age
23:04 Gold Mining
24:19 Crossbowman
25:06 Thumb Ring
25:36 Bodkin Arrow
28:27 Ballistics
28:44 Bow Saw
30:53 Leather Archer Armor
32:15 Heavy Plow
39:05 Imperial Age
38:45 Hand Cart
39:58 Bracer
39:37 Arbalester
41:30 Ring Archer Armor
42:32 Chemistry
41:36 Town Watch
41:28 Capped Ram
jaimeerp
4:18 Loom
9:47 Feudal Age
10:18 Double-Bit Axe
10:15 Horse Collar
16:07 Bloodlines
20:13 Scale Barding Armor
21:22 Wheelbarrow
20:32 Town Watch
21:49 Forging
35:37 Castle Age
PironovskyII
8:43 Feudal Age
8:26 Loom
9:29 Double-Bit Axe
17:48 Forging
22:12 Castle Age
21:23 Bloodlines
21:39 Scale Barding Armor
22:20 Light Cavalry
23:29 Chain Barding Armor
28:41 Husbandry
31:53 Wheelbarrow
31:37 Horse Collar
38:15 Fletching
42:07 Bodkin Arrow
42:56 Hand Cart
42:56 Heavy Plow
42:53 Gold Mining
46:29 Imperial Age
jeanne
5:22 Loom
8:37 Feudal Age
9:34 Double-Bit Axe
15:26 Scale Barding Armor
17:02 Fletching
26:15 Castle Age
24:21 Gold Mining
27:34 Chain Barding Armor
27:24 Forging
32:00 Wheelbarrow
32:09 Bow Saw
38:34 Iron Casting
38:01 Husbandry
the-couille-gauche
10:45 Feudal Age
20:22 Fletching
24:06 Double-Bit Axe
30:35 Loom
32:51 Castle Age
31:23 Gold Mining
33:16 Crossbowman
34:18 Thumb Ring
35:35 Bodkin Arrow
36:00 Padded Archer Armor
41:36 Ballistics
42:11 Leather Archer Armor
TP83C6
8:19 Loom
10:24 Feudal Age
11:13 Double-Bit Axe
16:36 Fletching
20:22 Padded Archer Armor
22:21 Horse Collar
27:53 Castle Age
25:46 Gold Mining
27:12 Wheelbarrow
28:50 Bow Saw
29:18 Gold Shaft Mining
28:05 Crossbowman
28:50 Bodkin Arrow
31:28 Hand Cart
36:22 Leather Archer Armor
39:59 Ballistics
42:29 Stone Mining
Connection lost

Rejoining the realm…

Still unreachable

The connection could not be restored.

Session expired

The server has moved on; the page needs a fresh start.